 Dungeon Crawl Stone Soup version 0.18.1-5-g4a78601 (webtiles) character file.

14039 4thArraOfDagon the Grappler (level 11, -4/96 HPs)
             Began as a Troll Ice Elementalist on May 12, 2016.
             Was a High Priest of the Shining One.
             Slain by an ogre
             ... wielding a +0 giant club
              (18 damage)
             ... on level 2 of the Orcish Mines.
             The game lasted 00:54:34 (7235 turns).

4thArraOfDagon the Grappler (TrIE)                  Turns: 7235, Time: 00:54:35

Health: -4/96      AC:  6    Str: 16    XL:     11   Next: 83%
Magic:  8/14       EV: 11    Int: 19    God:    the Shining One [*****.]
Gold:   508        SH:  8    Dex: 10    Spells: 4 memorised, 1 level left

rFire  + + .     SeeInvis .       - Unarmed
rCold  . . .     Gourm    +     k - +1 robe {MR+}
rNeg   + + .     Faith    .     (no shield)
rPois  .         Spirit   .     (helmet restricted)
rElec  .         Dismiss  .     (no cloak)
rCorr  .         Reflect  .     (gloves unavailable)
SustAt .         Harm     .     (boots unavailable)
MR     +....     Rnd*Tele +     L - amulet of rage
Stlth  +.........               M - ring of protection from fire
                                m - ring of wizardry

@: brilliant, divine shield, very slightly contaminated, hasted, glowing, very
quick, somewhat resistant to hostile enchantments, very unstealthy
A: unfitting armour, claws 3, blurry vision 1, fire resistance 1, fast
metabolism 3, frail 1, gourmand, regeneration 2, shaggy fur 1, teleportitis 1,
tough skin 2, weak 1
a: Divine Shield, Cleansing Flame, Summon Divine Warrior, Renounce Religion,
Evoke Berserk Rage


You were on level 2 of the Orcish Mines.
You worshipped the Shining One.
The Shining One was extremely pleased with you.
You were full.

You visited 3 branches of the dungeon, and saw 17 of its levels.
You also visited: Ossuary, Bailey and Ice Cave.

You collected 995 gold pieces.
You spent 487 gold pieces at shops.

Inventory:

Hand Weapons
 q - the +7 mace "Dirifi" {vamp, rF+ Str+3 Int+5}
   (You found it on level 4 of the Dungeon)

   It inflicts no extra harm, but heals its wielder somewhat when it strikes a
   living foe.
   It affects your strength (+3).
   It affects your intelligence (+5).
   It protects you from fire.
   The Shining One disapproves of the use of such an item.
 s - a +2 morningstar of protection
 J - a -2 giant spiked club
Armour
 e - a +2 robe of positive energy
 k - a +1 robe of magic resistance (worn)
Jewellery
 a - an uncursed ring of fire
 m - a ring of wizardry (left claw)
 L - an amulet of rage (around neck)
 M - a ring of protection from fire (right claw)
Wands
 f - a wand of digging (1/24)
 y - a wand of confusion (14/48)
 B - a wand of teleportation (1/9)
Scrolls
 h - a scroll of teleportation
 n - 9 scrolls of remove curse
 w - a scroll of amnesia
 E - a scroll of torment
 R - a scroll of noise
Potions
 b - a potion of might
 d - a potion of brilliance
 g - a potion of magic
 i - 2 potions of flight
 r - a potion of ambrosia
Books
 O - a book of Transfigurations

   Spells                             Type                      Level
   a - Irradiate                      Conjuration/Transmutation    5
   b - Statue Form                    Transmutation/Earth          6
   c - Hydra Form                     Transmutation                6
   d - Dragon Form                    Transmutation                7
Miscellaneous
 D - a plain deck of defence {drawn: 1}
 I - an ornate deck of defence {drawn: 2}
Comestibles
 c - 6 bread rations
 p - 3 meat rations
 z - a royal jelly
 C - a beef jerky


   Skills:
 - Level 6.4 Fighting
 - Level 5.0 Dodging
 - Level 1.1 Stealth
 - Level 12.3 Unarmed Combat
 + Level 2.4 Spellcasting
   Level 0.6 Conjurations
 * Level 3.7 Transmutations
 - Level 2.1 Ice Magic
 * Level 4.6 Earth Magic
 - Level 6.0 Invocations
 - Level 2.3 Evocations


You had one spell level left.
You knew the following spells:

 Your Spells              Type           Power        Failure   Level  Hunger
a - Tukima's Dance        Hex            ##......     7%          3    ###....
b - Ozocubu's Armour      Chrm/Ice       ###.....     4%          3    ###....
c - Apportation           Tloc           ##........   2%          1    #......
d - Statue Form           Trmt/Erth      ####.....    69%         6    #######


Dungeon Overview and Level Annotations

Branches:
Dungeon (14/15)            Temple (1/1) D:4            Lair (0/8) D:8
    Orc (2/2) D:11
    Elf: Orc:2       Vaults: D:13-14

Altars:
Ashenzari
Dithmenos
Elyvilon
Fedhas
Gozag
Kikubaaqudgha
Makhleb
Nemelex Xobeh
Okawaru
Pakellas
Qazlal
Ru
Sif Muna
Trog
Vehumet
Xom
Yredelemnul
Zin
The Shining One
Beogh

Shops:
D:5 [   D:9 *   D:12 (   D:14 =   Orc:1 *%*   Orc:2 =*(

Portals:
Trove: D:11 (give 13 potions of heal wounds)

Annotations:
D:4 Eustachio, Pikel
D:11 exclusion: upstairs
D:12 Frances
D:14 Urug
Orc:1 Fannar, Maud
Orc:2 Nessos, Snorg


Innate Abilities, Weirdness & Mutations

You are too large for most types of armour.
You have claws for hands.
Your metabolism is lightning-fast.
You like to eat raw meat.
You heal very quickly.
You are covered in fur (AC +1).
You have very tough skin (AC +2).
Scrolls take you a little longer to read.
Your flesh is heat resistant.
You are frail (-10% HP).
You are occasionally teleported next to monsters.
You are weak. (Str -2)


Message History

Okay, then.
Cast which spell? (? or * to list)
Okay, then.
A divine shield forms around you!
You feel slightly less full.
Cast which spell? (? or * to list)
The spell is very dangerous to cast!
Continue anyway?
You miscast Statue Form.
You hear a distant rumble.
The ogre barely misses you.
Drink which item? (? for menu, Esc to quit)
Magic courses through your body.
Casting: Statue Form
Confirm with . or Enter, or press ? or * to list all spells.
The spell is very dangerous to cast!
Continue anyway?
You miscast Statue Form.
You are caught in an explosion of flying shrapnel!
The explosion engulfs you!
* * * LOW HITPOINT WARNING * * *
The explosion engulfs the ogre.
The ogre hits you with a giant club!!
You die...

##### #.#@# ####O## #####
## ##..##(#####.#.###.##
..#$.....T.#......#...#
........(...O..........#
.ยง..........4.........#
.............3.$....####
...$.....$..4.o3....##.##
..c.....................#


You could see an ogre.

Vanquished Creatures
  Josephine (Orc:1)
  An orc high priest (Orc:1)
  2 ugly things
  2 orc sorcerers
  A centaur zombie (D:12)
  3 centaur skeletons
  3 trolls
  A two-headed ogre (D:12)
  3 yaks (D:13)
  4 wraiths
  A hippogriff (D:9)
  11 humans (D:13)
  2 hungry ghosts
  3 wargs
  A water moccasin (D:12)
  A necrophage (D:9)
  14 orc warriors
  4 phantoms
  An ice beast (D:8)
  2 black bears
  7 ogres
  6 centaurs
  A crocodile (D:9)
  2 big kobolds (D:8)
  5 giant frogs
  2 scorpions
  5 killer bees
  9 wights
  4 howler monkeys
  4 crimson imps
  A quasit (D:5)
  7 hounds
  A jelly (D:13)
  6 orc priests
  9 orc wizards
  3 iguanas
  3 worker ants
  A big kobold zombie (Ossuary)
  3 hound skeletons
  3 mummies (Ossuary)
  Robin (D:4)
  3 gnolls (D:9)
  10 adders
  A shadow imp (D:11)
  11 white imps
  2 worms
  A dart slug (D:4)
  6 giant geckos
  35 orcs
  4 bats
  16 goblins
  A hobgoblin (D:1)
  7 jackals
  3 quokkas
  A ball python (D:5)
  3 giant newts
  4 gnoll zombies
  A goblin zombie (Ossuary)
  2 hobgoblin zombies (Ossuary)
  A jackal skeleton (D:5)
  15 kobolds
  3 kobold zombies (Ossuary)
  3 rats (D:1)
  A plant (D:4)
  A toadstool (D:1)
279 creatures vanquished.

Vanquished Creatures (others)
  An orc (D:14)
  A fungus (Orc:2)
  2 plants (D:7)
  2 toadstools (D:1)
6 creatures vanquished.

Grand Total: 285 creatures vanquished

Notes
Turn   | Place    | Note
--------------------------------------------------------------
     0 | D:1      | 4thArraOfDagon the Troll Ice Elementalist began the quest for the Orb.
     0 | D:1      | Reached XP level 1. HP: 16/16 MP: 1/1
    42 | D:1      | Reached skill level 1 in Unarmed Combat
    81 | D:1      | Reached XP level 2. HP: 15/24 MP: 2/2
   163 | D:1      | Reached skill level 2 in Unarmed Combat
   313 | D:2      | Reached XP level 3. HP: 20/31 MP: 0/3
   345 | D:2      | Reached skill level 3 in Unarmed Combat
   532 | D:4      | Noticed Eustachio
   564 | D:4      | Found a staircase to the Ecumenical Temple.
   601 | Temple   | Entered the Ecumenical Temple
   625 | Temple   | Became a worshipper of the Shining One
   714 | D:4      | Reached skill level 4 in Unarmed Combat
   714 | D:4      | Reached XP level 4. HP: 37/39 MP: 2/4
   825 | D:4      | Reached XP level 5. HP: 22/46 MP: 5/5
   891 | D:3      | Reached skill level 1 in Fighting
   997 | D:4      | Noticed a slave
   997 | D:4      | Noticed a slave
   998 | D:4      | Noticed a slave
   999 | D:4      | Noticed Pikel
  1002 | D:4      | Noticed a slave
  1144 | D:3      | 4thArraOfDagon: trying
  1161 | D:4      | Found a bloodstained altar of Trog.
  1171 | D:4      | 4thArraOfDagon: out of boredom
  1213 | D:4      | Got a steaming mace
  1247 | D:5      | Entered Level 5 of the Dungeon
  1258 | D:5      | Found an iron altar of Okawaru.
  1488 | D:6      | Learned a level 3 spell: Ozocubu's Armour
  1512 | D:6      | Reached skill level 5 in Unarmed Combat
  1512 | D:6      | Reached XP level 6. HP: 55/55 MP: 6/6
  1589 | D:5      | Found Gauppam's Armour Shop.
  1596 | D:5      | Reached * piety under the Shining One
  1649 | D:4      | Noticed Robin
  1660 | D:4      | Killed Robin
  1826 | D:5      | Reached XP level 7. HP: 52/65 MP: 7/7
  1885 | D:5      | Found a basalt altar of Yredelemnul.
  1962 | D:5      | Found a shattered altar of Ashenzari.
  2100 | D:7      | Found an ancient bone altar of Kikubaaqudgha.
  2124 | D:7      | Reached skill level 6 in Unarmed Combat
  2239 | D:6      | ...
  2242 | D:6      | nightmare dungeon
  2282 | D:6      | ...
  2362 | D:7      | Found a sand-covered staircase.
  2369 | Ossuary  | Entered an ossuary
  2369 | Ossuary  | Noticed a wraith
  2369 | Ossuary  | Reached ** piety under the Shining One
  2369 | Ossuary  | Noticed a wraith
  2369 | Ossuary  | Noticed a wraith
  2511 | Ossuary  | Noticed a wraith
  2524 | Ossuary  | Killed a wraith
  2597 | Ossuary  | BLOAX: https://www.youtube.com/watch?v=fG35KaqgqyE
  2636 | Ossuary  | 4thArraOfDagon: gut
  2636 | Ossuary  | 4thArraOfDagon: at least
  2636 | Ossuary  | 4thArraOfDagon: something good
  2680 | D:7      | Reached skill level 7 in Unarmed Combat
  2680 | D:7      | Reached XP level 8. HP: 69/75 MP: 8/8
  2701 | D:7      | BLOAX: there's that tomb wizlab
  2716 | D:7      | Found a white marble altar of Elyvilon.
  2731 | D:7      | BLOAX: and occasionally there's a gda there
  2743 | D:7      | BLOAX: except it's -3 :^))))))))))))
  2802 | D:8      | Reached *** piety under the Shining One
  2807 | D:8      | Reached skill level 1 in Invocations
  2924 | D:8      | Found a shimmering altar of Xom.
  2985 | D:8      | 4thArraOfDagon: gda is insta $$$
  3022 | D:8      | BLOAX: not a -3 when you're not desperate
  3145 | D:9      | Reached skill level 8 in Unarmed Combat
  3148 | D:9      | xeno23: @?? fire giant
  3170 | D:9      | Found Gaulas's Goods Gallery.
  3190 | D:9      | BLOAX: %??fire giant
  3191 | D:9      | beem: fire giant (C)
                  | Spd:
    10 | HD: 16   | HP: 77-114
                  | AC/EV: 8/4
                  | Dam: 30
                  | weapons, items, doors, fighter, spellcaster, see invisible
                  | Res: magic(80), fire++, drown
                  | XP: 1802
                  | Sp: b.fire (3d25), fireball (3d26)
                  | Sz: Giant
                  | Int: human.
  3197 | D:9      | BLOAX: cursed +0 gda
  3197 | D:9      | BLOAX: sounds gud
  3197 | D:9      | 4thArraOfDagon: gud
  3246 | D:9      | Reached XP level 9. HP: 47/84 MP: 10/10
  3415 | D:9      | Found a flagged portal.
  3429 | Bailey   | Entered a bailey
  3430 | Bailey   | 4thArraOfDagon: :9
  3430 | Bailey   | 4thArraOfDagon: that is doable with invis
  3492 | D:9      | Learned a level 1 spell: Apportation
  3541 | D:9      | Reached skill level 5 in Dodging
  3541 | D:9      | Reached skill level 9 in Unarmed Combat
  3556 | D:8      | Found a burning altar of Makhleb.
  3606 | D:8      | Found a staircase to the Lair.
  3785 | D:10     | Entered Level 10 of the Dungeon
  3915 | D:10     | Found a blossoming altar of Fedhas.
  3924 | D:10     | Reached skill level 5 in Fighting
  4015 | D:11     | Noticed a troll
  4032 | D:10     | Killed a troll
  4062 | D:11     | Found a portal to a secret trove of treasure.
  4089 | D:11     | Reached skill level 10 in Unarmed Combat
  4109 | D:10     | Noticed a hill giant
  4155 | D:11     | Reached **** piety under the Shining One
  4251 | D:11     | Found a shimmering altar of Xom.
  4255 | D:11     | Found a shimmering altar of Xom.
  4255 | D:11     | Found a shimmering altar of Xom.
  4256 | D:11     | Found a shimmering altar of Xom.
  4265 | D:11     | Found a shimmering altar of Xom.
  4314 | D:11     | Noticed a purple ugly thing
  4331 | D:11     | Killed a purple ugly thing
  4331 | D:11     | Reached XP level 10. HP: 30/96 MP: 9/12
  4412 | D:11     | Gained mutation: You are occasionally teleported next to monsters. [potion of mutation]
  4412 | D:11     | Gained mutation: Your flesh is heat resistant. [potion of mutation]
  4412 | D:11     | Gained mutation: Scrolls take you a little longer to read. [potion of mutation]
  4487 | D:11     | Found a staircase to the Orcish Mines.
  4541 | D:12     | Found Juzeno's Antique Weapon Emporium.
  4606 | D:12     | Reached skill level 5 in Invocations
  4622 | D:12     | Identified the +7 mace "Dirifi" {vamp, rF+ Str+3 Int+5} (You found it on level 4 of the Dungeon)
  4665 | D:12     | BLOAX: troll tree
  4677 | D:12     | BLOAX: spooky clawed tree
  5090 | D:12     | Reached skill level 11 in Unarmed Combat
  5090 | D:12     | Reached skill level 1 in Evocations
  5122 | D:12     | Noticed Frances
  5307 | D:13     | Noticed a guardian serpent
  5439 | D:14     | Found Noent's Jewellery Boutique.
  5440 | D:14     | Noticed a cyclops
  5441 | D:14     | Noticed Urug
  5442 | D:14     | Noticed a centaur warrior
  5472 | D:13     | Learned a level 6 spell: Statue Form
  5513 | D:13     | Reached skill level 1 in Earth Magic
  5521 | D:13     | Reached skill level 1 in Transmutations
  5521 | D:13     | Reached XP level 11. HP: 104/105 MP: 14/14
  5638 | D:13     | Noticed a seven-headed hydra
  5691 | D:13     | Noticed a cyan ugly thing
  5733 | D:13     | Killed a cyan ugly thing
  5740 | D:13     | Gained mutation: You are weak. (Str -2) [mutagenic meat]
  5741 | D:13     | Gained mutation: You are frail (-10% HP). [mutagenic meat]
  5932 | Orc:1    | Entered Level 1 of the Orcish Mines
  5933 | Orc:1    | Found Geisuw Pogu's Food Emporium.
  5939 | Orc:1    | Noticed an orc sorcerer
  5959 | D:11     | Killed an orc sorcerer
  5987 | D:11     | Learned a level 3 spell: Tukima's Dance
  6045 | Orc:1    | Found Ogiuc's General Store.
  6045 | Orc:1    | Noticed Fannar
  6047 | Orc:1    | Noticed Maud
  6073 | Orc:1    | Found Wuydaqosk's Assorted Antiques.
  6082 | Orc:1    | Bought a bronze ring for 85 gold pieces
  6082 | Orc:1    | Bought a scroll labeled ZEARYU CUCAT for 17 gold pieces
  6082 | Orc:1    | Bought a dented beryl amulet for 85 gold pieces
  6174 | Orc:1    | You fall through a shaft!
  6174 | Orc:2    | Entered Level 2 of the Orcish Mines
  6195 | Orc:2    | Found a frozen archway.
  6195 | Orc:2    | Reached ***** piety under the Shining One
  6207 | IceCv    | Entered an ice cave
  6238 | Orc:2    | Noticed an orc knight
  6239 | Orc:2    | Noticed an orc warlord
  6241 | Orc:2    | Noticed an orc sorcerer
  6246 | Orc:2    | Noticed an orc high priest
  6249 | Orc:2    | Noticed a soul eater
  6251 | Orc:2    | Found Pasourhoe's Jewellery Shoppe.
  6253 | Orc:2    | Noticed an orc sorcerer
  6256 | Orc:2    | Found Weum's General Store.
  6256 | Orc:2    | Noticed an orc high priest
  6256 | Orc:2    | Noticed Nessos
  6256 | Orc:2    | Paralysed by an orc sorcerer for 3 turns
  6261 | Orc:1    | BLOAX: lol
  6262 | Orc:1    | BLOAX: paralyzed on the stairs :^)
  6263 | Orc:1    | Bought a wand of digging (5/24) for 216 gold pieces
  6263 | Orc:1    | Bought a scroll of teleportation for 36 gold pieces
  6263 | Orc:1    | Bought a potion of might for 48 gold pieces
  6482 | Orc:1    | BLOAX: https://www.youtube.com/watch?v=bbQm-nSjuHI lol
  6482 | Orc:1    | 4thArraOfDagon: hey, that was fun
  6491 | Orc:1    | BLOAX: 1977 you say
  6507 | Orc:1    | Noticed an orc sorcerer
  6508 | Orc:1    | Noticed Josephine
  6529 | Orc:1    | Killed an orc sorcerer
  6535 | Orc:1    | Killed Josephine
  6535 | Orc:1    | Reached skill level 12 in Unarmed Combat
  6638 | Orc:1    | Noticed an orc high priest
  6657 | Orc:1    | Killed an orc high priest
  6670 | Orc:1    | Found a roughly hewn altar of Beogh.
  7031 | Orc:2    | BLOAX: https://www.youtube.com/watch?v=sdw00y92w7g&t=10m13s on the topic of warrior
  7204 | Orc:2    | Found Fietaptu's Antique Weapon Shoppe.
  7204 | Orc:2    | Noticed Snorg
  7205 | Orc:2    | Noticed an orc high priest
  7205 | Orc:2    | wtf
  7231 | Orc:2    | 4thArraOfDagon: can i brillance this shit and cast statue?
  7231 | Orc:2    | 4thArraOfDagon: that is the question:D
  7231 | Orc:2    | BLOAX: what failure?
  7231 | Orc:2    | 4thArraOfDagon: 99 atm
  7231 | Orc:2    | BLOAX: uh
  7231 | Orc:2    | BLOAX: you can try
  7231 | Orc:2    | 4thArraOfDagon: yeah
  7231 | Orc:2    | BLOAX: worth a shot :v
  7232 | Orc:2    | 4thArraOfDagon: uhhh
  7235 | Orc:2    | Slain by an ogre

Skill      XL: |  1  2  3  4  5  6  7  8  9 10 11 |
---------------+----------------------------------+-----
Unarmed Combat | 1 2 4 5 7 8 10 11 12 | 12.3
Fighting       | 1 2 3 4 5 6 |  6.4
Dodging        | 2 3 4 5 |  5.0
Invocations    | 2 4 5 6 |  6.0
Evocations     | 2 |  2.3
Earth Magic    | 1 4 |  4.6
Transmutations | 1 3 |  3.7
Spellcasting   | 2 |  2.4
Stealth        | |  1.1
Conjurations   | |  0.6
Ice Magic      | |  2.1

Action                   |  1- 3 |  4- 6 |  7- 9 | 10-12 || total
-------------------------+-------+-------+-------+-------++-------
Melee: Unarmed           |   135 |   128 |   346 |   368 ||   977
       Punch             |     1 |     1 |     7 |    12 ||    21
Throw: Throwing net      |       |       |     2 |       ||     2
 Cast: Freeze            |     7 |       |       |       ||     7
Invok: Divine Shield     |       |       |     2 |     4 ||     6
       Cleansing Flame   |       |       |       |     2 ||     2
 Abil: Evoke Berserk Rag |       |       |       |     3 ||     3
Evoke: Deck              |       |       |       |     3 ||     3
       Wand              |       |       |       |     9 ||     9
  Use: Scroll            |     2 |     3 |     7 |    17 ||    29
       Potion            |       |       |     7 |    18 ||    25
 Stab: Sleeping          |       |       |       |     1 ||     1
  Eat: Chunk             |     7 |    10 |    34 |    44 ||    95
       Fruit             |       |       |     2 |       ||     2
Armor: Robe              |    63 |    51 |    57 |    48 ||   219
       Skin              |       |       |     5 |    16 ||    21
Dodge: Dodged            |    71 |    68 |   137 |   183 ||   459
Block: Other             |       |       |     3 |    31 ||    34
